[ PARTIDA AOE2 · #480386298 ]
UnrankedTeutones vs Slavs
[ ANÁLISIS DE REPETICIÓN · EXTRAÍDO DE LA PARTIDA GRABADA ]
Feudal
13:20
Castillos
17:28
Imperial
31:43
| APM promedio | 37.4 |
| APM pico | 66 |
| eAPM promedio | 22.1 |
| Aldeanos / militares | 146 / 68 |
Foco
⚔️ 32.9% · 🌾 67.1%
Knight ×47 · Fishing Ship ×10 · Fire Galley ×9 · Teutonic Knight ×5 · Monk ×4 · Trebuchet (Packed) ×3
Feudal
13:34
Castillos
17:45
Imperial
—
| APM promedio | 25.1 |
| APM pico | 44 |
| eAPM promedio | 18.8 |
| Aldeanos / militares | 125 / 118 |
Foco
⚔️ 32.3% · 🌾 67.7%
Knight ×58 · Militia ×30 · Battering Ram ×15 · Fishing Ship ×10 · Scorpion ×9 · Monk ×5
Feudal
13:09
Castillos
17:29
Imperial
—
| APM promedio | 29.4 |
| APM pico | 65 |
| eAPM promedio | 17.3 |
| Aldeanos / militares | 146 / 57 |
Foco
⚔️ 26.6% · 🌾 73.4%
Conquistador ×35 · Skirmisher ×19 · Fishing Ship ×12 · Fire Galley ×3 · Unknown (2626) ×3
Feudal
14:45
Castillos
18:46
Imperial
37:15
| APM promedio | 47.3 |
| APM pico | 96 |
| eAPM promedio | 21.7 |
| Aldeanos / militares | 71 / 32 |
Foco
⚔️ 29.4% · 🌾 70.6%
Longbowman ×29 · Fishing Ship ×19 · Mangonel ×3
Feudal
12:52
Castillos
16:23
Imperial
30:32
| APM promedio | 28.2 |
| APM pico | 62 |
| eAPM promedio | 18.6 |
| Aldeanos / militares | 154 / 193 |
Foco
⚔️ 29.5% · 🌾 70.5%
Knight ×186 · Fishing Ship ×7 · Trebuchet (Packed) ×5 · Monk ×1 · Demolition Raft ×1
Feudal
13:23
Castillos
16:53
Imperial
—
| APM promedio | 38.8 |
| APM pico | 88 |
| eAPM promedio | 22.6 |
| Aldeanos / militares | 38 / 3 |
Foco
⚔️ 36.2% · 🌾 63.8%
Fishing Ship ×11 · Mangonel ×3
Feudal
13:32
Castillos
22:00
Imperial
41:16
| APM promedio | 33.9 |
| APM pico | 79 |
| eAPM promedio | 18.7 |
| Aldeanos / militares | 87 / 134 |
Foco
⚔️ 39.2% · 🌾 60.8%
Spearman ×55 · Huskarl ×42 · Fishing Ship ×23 · Scout Cavalry ×14 · Battering Ram ×10 · Knight ×8
Feudal
15:22
Castillos
18:58
Imperial
35:35
| APM promedio | 49.6 |
| APM pico | 94 |
| eAPM promedio | 26.3 |
| Aldeanos / militares | 217 / 83 |
Foco
⚔️ 25.6% · 🌾 74.4%
Cavalry Archer ×67 · Fishing Ship ×13 · Knight ×5 · Scout Cavalry ×5 · Trebuchet (Packed) ×5 · Unknown (2626) ×3
Mapa de la partida
Recursos iniciales + cada clic de construcción. Líneas = muros · curvas = relieve. ◆ oro · ⬟ piedra · ● bayas · ✦ reliquia · ◌ hueco del cierre
Tu base· Abierta — hueco de 8t
Base de OS | dreamerion92· Abierta — flanco sin cerrar
Base de Mo_Tastic· Abierta — hueco de 8t
Base de 大白000000· Abierta — hueco de 12t
Base de BaDreaM· Abierta — hueco de 6t
Base de III· Abierta — hueco de 5t
Base de CAPTAINKILL· Abierta — flanco sin cerrar
Base de kibou· ✓ Cerrada en 18:58 · 19t muro · 1 puerta(s)
Terreno inicial suavizado · ◌ = hueco del cierre detectado · pasá el cursor para detalles
Inputs por minuto
— 连青人 - - OS | dreamerion92
Build order — 连青人
Primeras 150 de 358 acciones detectadas
| 0:11 | Construir | Town Center |
| 0:52 | Construir | Dock |
| 0:56 | Construir | House |
| 2:31 | Crear | Villager (Male) |
| 2:32 | Crear | Villager (Male) |
| 2:32 | Crear | Villager (Male) |
| 2:32 | Crear | Villager (Male) |
| 3:33 | Crear | Fishing Ship |
| 3:55 | Crear | Villager (Male) |
| 3:55 | Crear | Villager (Male) |
| 4:19 | Construir | House |
| 4:39 | Investigar | Loom |
| 4:48 | Crear | Fishing Ship |
| 5:06 | Crear | Villager (Male) |
| 5:18 | Crear | Villager (Male) |
| 5:34 | Crear | Villager (Male) |
| 6:03 | Construir | House |
| 6:04 | Crear | Villager (Male) |
| 6:04 | Crear | Villager (Male) |
| 6:24 | Crear | Villager (Male) |
| 6:26 | Crear | Fishing Ship |
| 6:43 | Crear | Villager (Male) |
| 7:05 | Crear | Villager (Male) |
| 7:18 | Crear | Villager (Male) |
| 7:19 | Crear | Villager (Male) |
| 7:20 | Crear | Fishing Ship |
| 7:25 | Construir | House |
| 7:33 | Crear | Villager (Male) |
| 7:54 | Crear | Villager (Male) |
| 7:54 | Crear | Villager (Male) |
| 7:57 | Crear | Villager (Male) |
| 7:57 | Crear | Villager (Male) |
| 8:02 | Construir | House |
| 8:12 | Construir | House |
| 8:15 | Crear | Fishing Ship |
| 8:23 | Crear | Villager (Male) |
| 8:45 | Crear | Villager (Male) |
| 8:45 | Crear | Villager (Male) |
| 9:14 | Crear | Villager (Male) |
| 9:14 | Crear | Villager (Male) |
| 9:25 | Crear | Fishing Ship |
| 9:29 | Construir | House |
| 9:39 | Crear | Villager (Male) |
| 9:39 | Crear | Villager (Male) |
| 9:51 | Construir | Lumber Camp |
| 9:54 | Crear | Villager (Male) |
| 9:54 | Crear | Villager (Male) |
| 9:57 | Crear | Villager (Male) |
| 10:04 | Crear | Villager (Male) |
| 10:04 | Crear | Villager (Male) |
| 10:04 | Crear | Villager (Male) |
| 10:08 | Crear | Villager (Male) |
| 10:09 | Crear | Villager (Male) |
| 10:16 | Crear | Fishing Ship |
| 10:29 | Crear | Villager (Male) |
| 10:30 | Crear | Villager (Male) |
| 10:51 | Construir | House |
| 10:52 | Crear | Villager (Male) |
| 11:06 | Crear | Fishing Ship |
| 11:10 | Investigar | Feudal Age |
| 11:17 | Construir | Mining Camp |
| 11:38 | Crear | Villager (Male) |
| 11:44 | Construir | Mill |
| 12:06 | Crear | Fishing Ship |
| 12:48 | Crear | Fishing Ship |
| 12:55 | Crear | Villager (Male) |
| 13:20 | Edad | Edad Feudal |
| 13:26 | Construir | Market |
| 13:36 | Construir | Blacksmith |
| 14:18 | Crear | Villager (Male) |
| 14:39 | Construir | Dock |
| 14:48 | Investigar | Castle Age |
| 14:48 | Investigar | Castle Age |
| 15:15 | Investigar | Double-Bit Axe |
| 15:44 | Construir | House |
| 15:47 | Construir | House |
| 15:56 | Crear | Fire Galley |
| 15:56 | Crear | Fire Galley |
| 16:23 | Construir | House |
| 16:36 | Construir | House |
| 17:03 | Crear | Fire Galley |
| 17:03 | Crear | Fire Galley |
| 17:23 | Crear | Villager (Male) |
| 17:28 | Edad | Edad de los Castillos |
| 17:33 | Investigar | Tech 905 |
| 17:39 | Investigar | War Galley (upgrade) |
| 17:42 | Crear | Villager (Male) |
| 17:46 | Construir | House |
| 17:49 | Construir | House |
| 17:56 | Construir | Palisade Wall |
| 17:59 | Crear | Villager (Male) |
| 18:02 | Construir | Town Center |
| 18:05 | Crear | Fire Galley |
| 18:05 | Crear | Fire Galley |
| 18:17 | Crear | Villager (Male) |
| 18:24 | Construir | Farm |
| 18:26 | Construir | Farm |
| 18:28 | Construir | Farm |
| 18:30 | Crear | Villager (Male) |
| 18:47 | Crear | Fire Galley |
| 19:02 | Crear | Fire Galley |
| 19:03 | Crear | Villager (Male) |
| 19:06 | Construir | Lumber Camp |
| 19:08 | Crear | Villager (Male) |
| 19:23 | Crear | Fire Galley |
| 19:24 | Crear | Villager (Male) |
| 19:33 | Construir | House |
| 19:37 | Crear | Villager (Male) |
| 19:46 | Crear | Unit 2626 |
| 19:59 | Crear | Villager (Male) |
| 20:04 | Crear | Villager (Male) |
| 20:12 | Construir | Monastery |
| 20:14 | Crear | Villager (Male) |
| 20:34 | Crear | Unit 2626 |
| 20:35 | Crear | Villager (Male) |
| 20:46 | Crear | Villager (Male) |
| 20:54 | Construir | Farm |
| 20:55 | Construir | Farm |
| 20:58 | Crear | Villager (Male) |
| 21:34 | Crear | Villager (Male) |
| 21:37 | Construir | Town Center |
| 21:46 | Construir | Farm |
| 21:47 | Construir | Farm |
| 21:48 | Construir | Farm |
| 21:48 | Construir | Farm |
| 21:52 | Investigar | Town Watch |
| 21:53 | Crear | Villager (Male) |
| 21:53 | Crear | Villager (Male) |
| 21:55 | Crear | Monk |
| 22:00 | Construir | House |
| 22:03 | Construir | House |
| 22:05 | Crear | Villager (Male) |
| 22:07 | Crear | Villager (Male) |
| 22:32 | Crear | Villager (Male) |
| 22:36 | Construir | Farm |
| 22:37 | Construir | Farm |
| 22:40 | Construir | Farm |
| 22:41 | Construir | Farm |
| 22:46 | Crear | Villager (Male) |
| 22:50 | Construir | Farm |
| 22:50 | Construir | Farm |
| 22:56 | Investigar | Horse Collar |
| 22:58 | Investigar | Wheelbarrow |
| 22:59 | Crear | Villager (Male) |
| 22:59 | Crear | Villager (Male) |
| 23:17 | Crear | Villager (Male) |
| 23:17 | Crear | Villager (Male) |
| 23:39 | Crear | Villager (Male) |
| 23:39 | Crear | Villager (Male) |
| 23:45 | Crear | Villager (Male) |
Build order — OS | dreamerion92
Primeras 150 de 357 acciones detectadas
| 0:12 | Construir | Town Center |
| 0:26 | Construir | Dock |
| 0:28 | Construir | House |
| 2:42 | Crear | Villager (Male) |
| 2:42 | Crear | Villager (Male) |
| 2:42 | Crear | Villager (Male) |
| 2:43 | Crear | Villager (Male) |
| 3:35 | Crear | Villager (Male) |
| 3:36 | Investigar | Loom |
| 3:50 | Crear | Fishing Ship |
| 4:14 | Construir | House |
| 4:49 | Construir | Palisade Wall |
| 5:00 | Construir | Palisade Wall |
| 5:14 | Crear | Villager (Male) |
| 5:15 | Crear | Fishing Ship |
| 5:43 | Crear | Villager (Male) |
| 6:08 | Crear | Villager (Male) |
| 6:15 | Construir | House |
| 6:35 | Crear | Villager (Male) |
| 6:44 | Crear | Fishing Ship |
| 6:57 | Construir | House |
| 7:03 | Crear | Villager (Male) |
| 7:26 | Crear | Villager (Male) |
| 7:35 | Crear | Fishing Ship |
| 7:37 | Crear | Villager (Male) |
| 7:58 | Construir | House |
| 7:59 | Construir | Palisade Wall |
| 8:16 | Crear | Fishing Ship |
| 8:18 | Crear | Villager (Male) |
| 8:31 | Crear | Villager (Male) |
| 8:34 | Crear | Fishing Ship |
| 9:01 | Crear | Villager (Male) |
| 9:08 | Crear | Fishing Ship |
| 9:12 | Construir | House |
| 9:34 | Construir | House |
| 9:44 | Crear | Villager (Male) |
| 9:57 | Construir | Mill |
| 10:14 | Crear | Villager (Male) |
| 10:36 | Crear | Fishing Ship |
| 10:50 | Crear | Villager (Male) |
| 10:56 | Construir | House |
| 11:01 | Construir | Palisade Wall |
| 11:24 | Investigar | Feudal Age |
| 11:53 | Crear | Fishing Ship |
| 12:01 | Construir | Dock |
| 12:17 | Construir | Mining Camp |
| 12:29 | Crear | Villager (Male) |
| 12:29 | Crear | Villager (Male) |
| 13:34 | Edad | Edad Feudal |
| 13:37 | Construir | Market |
| 13:56 | Construir | Blacksmith |
| 14:03 | Crear | Villager (Male) |
| 14:17 | Construir | House |
| 14:23 | Crear | Fishing Ship |
| 15:03 | Construir | Palisade Wall |
| 15:05 | Investigar | Castle Age |
| 15:10 | Construir | Lumber Camp |
| 15:49 | Investigar | Double-Bit Axe |
| 16:12 | Investigar | Gold Mining |
| 16:31 | Crear | Villager (Male) |
| 17:05 | Investigar | Tech 906 |
| 17:45 | Edad | Edad de los Castillos |
| 17:47 | Construir | Siege Workshop |
| 17:50 | Construir | Market |
| 17:55 | Construir | Monastery |
| 17:58 | Investigar | Bow Saw |
| 17:59 | Crear | Villager (Male) |
| 18:02 | Crear | Villager (Male) |
| 18:22 | Crear | Mangonel |
| 18:26 | Crear | Villager (Male) |
| 18:35 | Crear | Monk |
| 18:44 | Construir | House |
| 18:45 | Construir | House |
| 18:46 | Construir | House |
| 18:49 | Construir | Palisade Wall |
| 18:58 | Crear | Monk |
| 19:01 | Crear | Scorpion |
| 19:02 | Crear | Villager (Male) |
| 19:16 | Crear | Battering Ram |
| 19:42 | Crear | Villager (Male) |
| 19:47 | Crear | Battering Ram |
| 19:51 | Crear | Villager (Male) |
| 19:58 | Construir | Town Center |
| 20:08 | Construir | House |
| 20:14 | Crear | Monk |
| 20:17 | Crear | Villager (Male) |
| 20:19 | Crear | Villager (Male) |
| 20:21 | Crear | Villager (Male) |
| 20:24 | Construir | House |
| 20:27 | Construir | Palisade Wall |
| 20:30 | Crear | Villager (Male) |
| 20:33 | Investigar | Sanctity |
| 20:42 | Crear | Battering Ram |
| 20:46 | Crear | Villager (Male) |
| 20:55 | Crear | Villager (Male) |
| 21:02 | Crear | Villager (Male) |
| 21:03 | Crear | Villager (Male) |
| 21:07 | Crear | Battering Ram |
| 21:19 | Crear | Villager (Male) |
| 21:22 | Construir | House |
| 21:32 | Crear | Battering Ram |
| 21:40 | Construir | Palisade Wall |
| 21:45 | Crear | Villager (Male) |
| 22:15 | Crear | Villager (Male) |
| 22:21 | Construir | Barracks |
| 22:33 | Crear | Scorpion |
| 22:34 | Crear | Villager (Male) |
| 22:48 | Crear | Battering Ram |
| 22:52 | Crear | Villager (Male) |
| 22:55 | Construir | Farm |
| 23:00 | Construir | Dock |
| 23:02 | Construir | Stable |
| 23:21 | Crear | Villager (Male) |
| 23:26 | Construir | Stable |
| 23:27 | Crear | Villager (Male) |
| 23:38 | Crear | Scorpion |
| 23:49 | Construir | Farm |
| 23:51 | Construir | Farm |
| 23:52 | Construir | Farm |
| 24:06 | Construir | House |
| 24:27 | Crear | Scorpion |
| 24:31 | Crear | Knight |
| 24:31 | Crear | Knight |
| 24:41 | Crear | Villager (Male) |
| 24:45 | Crear | Knight |
| 24:51 | Construir | House |
| 24:55 | Construir | Farm |
| 24:58 | Crear | Battering Ram |
| 25:11 | Crear | Knight |
| 25:15 | Construir | Farm |
| 25:17 | Construir | Farm |
| 25:18 | Construir | Farm |
| 25:19 | Construir | Farm |
| 25:21 | Investigar | Horse Collar |
| 25:34 | Crear | Knight |
| 25:36 | Crear | Villager (Male) |
| 25:44 | Construir | Farm |
| 25:52 | Construir | Farm |
| 25:53 | Construir | Farm |
| 25:56 | Crear | Knight |
| 25:58 | Crear | Villager (Male) |
| 26:01 | Crear | Scorpion |
| 26:01 | Crear | Villager (Male) |
| 26:02 | Crear | Villager (Male) |
| 26:07 | Crear | Villager (Male) |
| 26:09 | Construir | Farm |
| 26:24 | Construir | Farm |
| 26:27 | Crear | Knight |
| 26:27 | Crear | Knight |
| 26:37 | Crear | Scorpion |
Build order — Mo_Tastic
Primeras 150 de 372 acciones detectadas
| 0:05 | Construir | Town Center |
| 0:55 | Construir | Dock |
| 0:57 | Construir | House |
| 2:26 | Crear | Villager (Male) |
| 2:27 | Crear | Villager (Male) |
| 2:27 | Crear | Villager (Male) |
| 2:27 | Crear | Villager (Male) |
| 3:30 | Crear | Fishing Ship |
| 3:55 | Crear | Villager (Male) |
| 3:55 | Crear | Villager (Male) |
| 4:12 | Construir | House |
| 4:32 | Crear | Villager (Male) |
| 4:54 | Crear | Villager (Male) |
| 5:21 | Crear | Villager (Male) |
| 5:21 | Crear | Villager (Male) |
| 5:33 | Construir | House |
| 5:39 | Crear | Fishing Ship |
| 5:39 | Crear | Fishing Ship |
| 5:53 | Crear | Villager (Male) |
| 5:53 | Crear | Villager (Male) |
| 6:13 | Crear | Villager (Male) |
| 6:18 | Crear | Fishing Ship |
| 6:18 | Crear | Fishing Ship |
| 6:26 | Construir | House |
| 6:38 | Crear | Villager (Male) |
| 6:42 | Construir | House |
| 6:51 | Crear | Villager (Male) |
| 6:51 | Crear | Villager (Male) |
| 6:56 | Crear | Fishing Ship |
| 7:04 | Construir | House |
| 7:31 | Crear | Villager (Male) |
| 7:43 | Crear | Fishing Ship |
| 7:44 | Crear | Fishing Ship |
| 7:48 | Crear | Villager (Male) |
| 8:16 | Crear | Fishing Ship |
| 8:18 | Crear | Villager (Male) |
| 8:29 | Crear | Villager (Male) |
| 8:51 | Construir | House |
| 8:59 | Crear | Fishing Ship |
| 9:13 | Crear | Villager (Male) |
| 9:25 | Crear | Fishing Ship |
| 9:38 | Crear | Villager (Male) |
| 9:47 | Construir | House |
| 10:02 | Construir | House |
| 10:07 | Crear | Villager (Male) |
| 10:12 | Construir | Mining Camp |
| 10:25 | Construir | House |
| 10:34 | Crear | Villager (Male) |
| 10:44 | Investigar | Feudal Age |
| 11:00 | Crear | Fishing Ship |
| 11:15 | Construir | Dock |
| 11:47 | Construir | Mining Camp |
| 11:52 | Construir | House |
| 12:08 | Construir | House |
| 12:21 | Crear | Villager (Male) |
| 12:21 | Crear | Villager (Male) |
| 12:44 | Construir | Mill |
| 13:09 | Edad | Edad Feudal |
| 13:23 | Construir | Blacksmith |
| 13:38 | Crear | Villager (Male) |
| 14:01 | Crear | Villager (Male) |
| 14:05 | Construir | Market |
| 14:22 | Crear | Unit 2626 |
| 14:46 | Investigar | Castle Age |
| 14:59 | Construir | Lumber Camp |
| 15:35 | Crear | Unit 2626 |
| 15:48 | Investigar | Double-Bit Axe |
| 15:52 | Investigar | Gold Mining |
| 16:08 | Crear | Fire Galley |
| 17:10 | Crear | Villager (Male) |
| 17:29 | Edad | Edad de los Castillos |
| 17:34 | Construir | Castle |
| 17:35 | Crear | Villager (Male) |
| 17:40 | Investigar | Bow Saw |
| 17:40 | Investigar | Bow Saw |
| 17:43 | Investigar | Loom |
| 18:07 | Construir | Town Center |
| 18:09 | Crear | Villager (Male) |
| 18:27 | Crear | Fire Galley |
| 18:27 | Crear | Fire Galley |
| 18:51 | Construir | House |
| 18:53 | Construir | House |
| 19:04 | Crear | Conquistador |
| 19:05 | Crear | Conquistador |
| 19:05 | Crear | Conquistador |
| 19:09 | Investigar | Horse Collar |
| 19:12 | Crear | Villager (Male) |
| 19:40 | Investigar | War Galley (upgrade) |
| 19:42 | Crear | Unit 2626 |
| 19:52 | Construir | House |
| 20:09 | Crear | Villager (Male) |
| 20:12 | Crear | Conquistador |
| 20:14 | Crear | Conquistador |
| 20:25 | Investigar | Heavy Plow |
| 20:26 | Crear | Villager (Male) |
| 20:28 | Crear | Villager (Male) |
| 20:45 | Construir | Farm |
| 20:45 | Construir | Farm |
| 20:47 | Crear | Villager (Male) |
| 20:49 | Construir | Farm |
| 20:56 | Construir | Farm |
| 20:58 | Construir | Farm |
| 20:59 | Construir | Farm |
| 21:28 | Crear | Villager (Male) |
| 21:52 | Crear | Villager (Male) |
| 21:58 | Construir | Farm |
| 21:59 | Construir | Farm |
| 22:03 | Crear | Villager (Male) |
| 22:20 | Crear | Conquistador |
| 22:20 | Crear | Conquistador |
| 22:33 | Construir | Farm |
| 22:34 | Construir | Farm |
| 22:35 | Construir | Farm |
| 22:36 | Construir | Farm |
| 22:39 | Crear | Villager (Male) |
| 22:45 | Construir | Farm |
| 22:46 | Construir | Farm |
| 22:46 | Crear | Villager (Male) |
| 23:12 | Crear | Villager (Male) |
| 23:13 | Crear | Villager (Male) |
| 23:22 | Crear | Villager (Male) |
| 23:35 | Crear | Villager (Male) |
| 23:47 | Crear | Conquistador |
| 23:47 | Crear | Conquistador |
| 23:48 | Crear | Conquistador |
| 23:53 | Crear | Villager (Male) |
| 24:03 | Investigar | Padded Archer Armor |
| 24:15 | Construir | Town Center |
| 24:36 | Crear | Conquistador |
| 24:36 | Crear | Conquistador |
| 24:55 | Crear | Villager (Male) |
| 24:58 | Crear | Villager (Male) |
| 25:01 | Crear | Villager (Male) |
| 25:09 | Crear | Conquistador |
| 25:14 | Construir | Town Center |
| 25:17 | Crear | Villager (Male) |
| 25:22 | Crear | Villager (Male) |
| 25:28 | Construir | Farm |
| 25:29 | Construir | Farm |
| 25:35 | Crear | Villager (Male) |
| 25:47 | Crear | Conquistador |
| 25:47 | Crear | Conquistador |
| 25:48 | Crear | Villager (Male) |
| 25:49 | Crear | Villager (Male) |
| 25:59 | Construir | Farm |
| 26:00 | Construir | Farm |
| 26:01 | Construir | Farm |
| 26:18 | Crear | Villager (Male) |
| 26:35 | Crear | Villager (Male) |
| 26:42 | Crear | Villager (Male) |
Build order — 大白000000
Primeras 150 de 212 acciones detectadas
| 0:41 | Construir | Town Center |
| 1:12 | Construir | Dock |
| 1:15 | Construir | Palisade Wall |
| 1:16 | Construir | Palisade Wall |
| 1:27 | Construir | House |
| 3:06 | Crear | Villager (Male) ×4 |
| 3:06 | Crear | Villager (Male) ×4 |
| 4:26 | Crear | Villager (Male) |
| 4:27 | Crear | Villager (Male) |
| 4:33 | Crear | Fishing Ship |
| 4:57 | Construir | House |
| 5:06 | Construir | House |
| 5:07 | Construir | Palisade Wall |
| 5:20 | Investigar | Loom |
| 5:26 | Crear | Fishing Ship |
| 5:48 | Crear | Villager (Male) |
| 5:48 | Crear | Villager (Male) |
| 5:48 | Crear | Villager (Male) |
| 6:15 | Crear | Villager (Male) |
| 6:16 | Crear | Villager (Male) |
| 6:16 | Crear | Villager (Male) |
| 6:41 | Crear | Villager (Male) |
| 6:41 | Crear | Villager (Male) |
| 6:41 | Crear | Villager (Male) |
| 7:08 | Crear | Fishing Ship |
| 7:08 | Crear | Fishing Ship |
| 7:09 | Crear | Villager (Male) |
| 7:09 | Crear | Villager (Male) |
| 7:50 | Construir | House |
| 7:56 | Crear | Villager (Male) |
| 7:56 | Crear | Villager (Male) |
| 8:05 | Crear | Fishing Ship |
| 8:05 | Crear | Fishing Ship |
| 8:15 | Crear | Villager (Male) |
| 8:15 | Crear | Villager (Male) |
| 8:15 | Crear | Villager (Male) |
| 8:37 | Crear | Villager (Male) |
| 8:37 | Crear | Villager (Male) |
| 8:41 | Construir | House |
| 8:47 | Construir | House |
| 9:08 | Crear | Villager (Male) |
| 9:12 | Crear | Fishing Ship |
| 9:31 | Construir | House |
| 9:33 | Crear | Villager (Male) |
| 9:34 | Crear | Villager (Male) |
| 9:34 | Crear | Villager (Male) |
| 10:01 | Crear | Villager (Male) |
| 10:03 | Crear | Fishing Ship |
| 10:26 | Crear | Villager (Male) |
| 10:47 | Construir | House |
| 11:01 | Construir | House |
| 11:05 | Construir | House |
| 11:16 | Construir | Mining Camp |
| 11:38 | Construir | House |
| 12:10 | Crear | Villager (Male) |
| 12:10 | Investigar | Feudal Age |
| 12:11 | Investigar | Feudal Age |
| 12:18 | Construir | House |
| 13:12 | Construir | Mill |
| 13:34 | Crear | Fishing Ship |
| 13:51 | Crear | Villager (Male) |
| 14:20 | Construir | Palisade Wall |
| 14:41 | Crear | Fishing Ship |
| 14:45 | Edad | Edad Feudal |
| 14:56 | Construir | Market |
| 15:04 | Construir | Blacksmith |
| 15:11 | Crear | Villager (Male) |
| 15:39 | Crear | Villager (Male) |
| 16:06 | Investigar | Castle Age |
| 16:06 | Investigar | Castle Age |
| 16:20 | Construir | Lumber Camp |
| 16:32 | Construir | Palisade Wall |
| 16:33 | Construir | Palisade Wall |
| 16:37 | Construir | House |
| 16:38 | Construir | Palisade Wall |
| 17:23 | Investigar | Tech 906 |
| 17:24 | Investigar | Tech 906 |
| 18:21 | Crear | Villager (Male) |
| 18:22 | Crear | Villager (Male) |
| 18:46 | Edad | Edad de los Castillos |
| 18:47 | Construir | Castle |
| 19:08 | Investigar | Double-Bit Axe |
| 19:08 | Investigar | Double-Bit Axe |
| 19:43 | Crear | Villager (Male) |
| 19:43 | Crear | Villager (Male) |
| 19:58 | Crear | Villager (Male) |
| 20:12 | Crear | Villager (Male) |
| 20:14 | Crear | Villager (Male) |
| 20:15 | Investigar | Bow Saw |
| 20:15 | Investigar | Bow Saw |
| 20:25 | Crear | Longbowman |
| 20:25 | Crear | Longbowman |
| 20:25 | Crear | Longbowman |
| 20:31 | Investigar | Fletching |
| 20:31 | Investigar | Fletching |
| 20:50 | Crear | Villager (Male) |
| 20:52 | Crear | Longbowman |
| 21:03 | Crear | Fishing Ship |
| 21:31 | Construir | Town Center |
| 21:41 | Crear | Longbowman |
| 21:42 | Crear | Villager (Male) |
| 21:51 | Crear | Longbowman |
| 22:15 | Crear | Longbowman |
| 22:16 | Crear | Villager (Male) |
| 22:37 | Construir | University |
| 22:38 | Construir | House |
| 22:42 | Crear | Villager (Male) |
| 22:43 | Crear | Villager (Male) |
| 22:46 | Crear | Fishing Ship |
| 23:09 | Construir | Gate |
| 23:13 | Construir | Siege Workshop |
| 24:02 | Investigar | Bodkin Arrow |
| 24:02 | Investigar | Bodkin Arrow |
| 24:02 | Investigar | Bodkin Arrow |
| 24:29 | Crear | Mangonel |
| 24:47 | Crear | Longbowman |
| 24:47 | Crear | Longbowman |
| 24:49 | Crear | Villager (Male) |
| 24:54 | Crear | Villager (Male) |
| 24:54 | Crear | Villager (Male) |
| 25:01 | Crear | Villager (Male) |
| 25:02 | Crear | Villager (Male) |
| 25:03 | Crear | Villager (Male) |
| 25:03 | Crear | Villager (Male) |
| 25:08 | Crear | Fishing Ship |
| 25:23 | Crear | Mangonel |
| 25:30 | Crear | Longbowman |
| 25:36 | Construir | House |
| 25:38 | Construir | Stone Wall |
| 25:42 | Construir | Stone Wall |
| 25:44 | Construir | Stone Wall |
| 26:01 | Crear | Longbowman |
| 26:05 | Investigar | Ballistics |
| 26:16 | Construir | Town Center |
| 26:54 | Construir | Stone Wall |
| 27:02 | Construir | Stone Wall |
| 27:07 | Crear | Longbowman |
| 27:07 | Crear | Longbowman |
| 27:07 | Crear | Longbowman |
| 27:07 | Crear | Longbowman |
| 27:11 | Crear | Villager (Male) |
| 27:12 | Crear | Villager (Male) |
| 27:17 | Crear | Fishing Ship |
| 27:17 | Crear | Fishing Ship |
| 27:18 | Investigar | Gillnets |
| 27:20 | Crear | Fishing Ship |
| 27:22 | Crear | Villager (Male) |
| 27:22 | Crear | Villager (Male) |
| 27:26 | Investigar | Stone Mining |
| 27:26 | Investigar | Stone Mining |
Build order — BaDreaM
Primeras 150 de 431 acciones detectadas
| 0:04 | Construir | Town Center |
| 0:27 | Construir | Dock |
| 0:30 | Construir | House |
| 2:26 | Crear | Villager (Male) ×4 |
| 3:26 | Crear | Fishing Ship |
| 3:39 | Crear | Villager (Male) |
| 3:39 | Crear | Villager (Male) |
| 3:54 | Construir | House |
| 4:45 | Crear | Villager (Male) |
| 4:51 | Crear | Fishing Ship |
| 4:51 | Crear | Fishing Ship |
| 5:10 | Crear | Villager (Male) |
| 5:10 | Crear | Villager (Male) |
| 5:29 | Crear | Villager (Male) |
| 5:30 | Crear | Villager (Male) |
| 5:39 | Construir | House |
| 5:52 | Crear | Villager (Male) |
| 5:53 | Crear | Villager (Male) |
| 6:12 | Crear | Fishing Ship |
| 6:16 | Crear | Villager (Male) |
| 6:46 | Crear | Villager (Male) |
| 6:46 | Crear | Villager (Male) |
| 6:47 | Crear | Villager (Male) |
| 7:00 | Crear | Fishing Ship |
| 7:21 | Crear | Villager (Male) |
| 7:24 | Construir | House |
| 7:47 | Crear | Fishing Ship |
| 8:06 | Crear | Villager (Male) |
| 8:26 | Crear | Villager (Male) |
| 8:51 | Crear | Villager (Male) |
| 9:03 | Construir | Mill |
| 9:06 | Crear | Villager (Male) |
| 9:24 | Crear | Villager (Male) |
| 9:52 | Investigar | Loom |
| 9:54 | Construir | House |
| 10:03 | Construir | House |
| 10:05 | Crear | Fishing Ship |
| 10:10 | Crear | Villager (Male) |
| 10:14 | Crear | Villager (Male) |
| 10:21 | Construir | Mining Camp |
| 10:23 | Investigar | Feudal Age |
| 12:48 | Crear | Villager (Male) |
| 12:49 | Crear | Villager (Male) |
| 12:52 | Edad | Edad Feudal |
| 12:53 | Construir | Market |
| 12:55 | Construir | Blacksmith |
| 13:11 | Construir | Lumber Camp |
| 13:38 | Investigar | Double-Bit Axe |
| 13:43 | Investigar | Castle Age |
| 14:09 | Investigar | Horse Collar |
| 14:13 | Construir | Palisade Gate |
| 14:15 | Construir | Palisade Gate |
| 14:23 | Construir | House |
| 16:19 | Crear | Villager (Male) |
| 16:23 | Edad | Edad de los Castillos |
| 16:24 | Construir | House |
| 16:27 | Construir | Monastery |
| 16:32 | Construir | Town Center |
| 16:39 | Investigar | Bow Saw |
| 16:41 | Crear | Villager (Male) ×5 |
| 17:29 | Crear | Villager (Male) |
| 17:33 | Crear | Villager (Male) |
| 17:38 | Crear | Monk |
| 17:44 | Construir | Town Center |
| 17:58 | Construir | Farm |
| 17:59 | Crear | Villager (Male) |
| 18:00 | Crear | Villager (Male) |
| 18:02 | Crear | Villager (Male) |
| 18:17 | Crear | Villager (Male) |
| 18:42 | Crear | Villager (Male) |
| 18:48 | Crear | Villager (Male) |
| 18:58 | Crear | Villager (Male) |
| 19:09 | Crear | Villager (Male) |
| 19:10 | Crear | Demolition Raft |
| 19:14 | Crear | Villager (Male) |
| 19:16 | Construir | Farm |
| 19:19 | Construir | Farm |
| 19:20 | Construir | Farm |
| 19:22 | Construir | Farm |
| 19:24 | Construir | Farm |
| 19:29 | Construir | House |
| 19:38 | Crear | Villager (Male) |
| 19:38 | Crear | Villager (Male) |
| 19:40 | Construir | Farm |
| 19:42 | Construir | Farm |
| 19:43 | Construir | Farm |
| 19:45 | Construir | Farm |
| 19:47 | Construir | Farm |
| 19:49 | Construir | Farm |
| 19:52 | Crear | Villager (Male) |
| 20:04 | Crear | Villager (Male) |
| 20:11 | Construir | House |
| 20:12 | Construir | House |
| 20:13 | Crear | Villager (Male) |
| 20:17 | Crear | Villager (Male) |
| 20:19 | Construir | Farm |
| 20:20 | Construir | Farm |
| 20:27 | Construir | Farm |
| 20:28 | Construir | House |
| 20:40 | Construir | Farm |
| 20:41 | Construir | House |
| 20:43 | Construir | Farm |
| 20:44 | Construir | House |
| 20:46 | Construir | Farm |
| 20:46 | Construir | House |
| 20:48 | Construir | Farm |
| 20:49 | Construir | House |
| 20:51 | Construir | Farm |
| 20:55 | Construir | Farm |
| 20:59 | Crear | Villager (Male) |
| 21:01 | Construir | House |
| 21:13 | Investigar | Wheelbarrow |
| 21:13 | Crear | Villager (Male) ×5 |
| 21:31 | Crear | Villager (Male) |
| 21:41 | Crear | Villager (Male) |
| 21:43 | Construir | Farm |
| 21:44 | Construir | House |
| 21:46 | Crear | Villager (Male) |
| 21:46 | Crear | Villager (Male) |
| 21:54 | Crear | Villager (Male) |
| 21:57 | Crear | Villager (Male) |
| 22:03 | Construir | Town Center |
| 22:14 | Crear | Villager (Male) |
| 22:19 | Construir | Lumber Camp |
| 22:22 | Construir | Farm |
| 22:23 | Construir | House |
| 22:24 | Crear | Villager (Male) |
| 22:24 | Crear | Villager (Male) |
| 22:35 | Crear | Villager (Male) |
| 22:43 | Crear | Villager (Male) |
| 22:52 | Crear | Villager (Male) |
| 22:56 | Investigar | Town Watch |
| 23:05 | Construir | House |
| 23:06 | Construir | House |
| 23:08 | Crear | Villager (Male) |
| 23:11 | Crear | Villager (Male) |
| 23:13 | Construir | Farm |
| 23:14 | Construir | House |
| 23:17 | Construir | Outpost |
| 23:19 | Construir | Farm |
| 23:19 | Construir | House |
| 23:20 | Crear | Villager (Male) |
| 23:21 | Crear | Villager (Male) |
| 23:21 | Crear | Villager (Male) |
| 23:21 | Crear | Villager (Male) |
| 23:23 | Crear | Villager (Male) |
| 23:23 | Crear | Villager (Male) |
| 23:28 | Construir | Farm |
| 23:30 | Construir | House |
| 23:31 | Crear | Villager (Male) |
Build order — III
133 acciones detectadas en el replay
| 0:07 | Construir | Town Center |
| 0:53 | Construir | Dock |
| 1:03 | Construir | Dock |
| 1:06 | Construir | House |
| 2:28 | Crear | Villager (Male) |
| 2:28 | Crear | Villager (Male) |
| 2:29 | Crear | Villager (Male) |
| 2:29 | Crear | Villager (Male) |
| 2:29 | Crear | Villager (Male) |
| 2:29 | Crear | Villager (Male) |
| 2:30 | Crear | Villager (Male) |
| 3:42 | Construir | House |
| 3:57 | Construir | House |
| 4:27 | Construir | House |
| 4:30 | Crear | Fishing Ship |
| 4:30 | Crear | Villager (Male) |
| 5:04 | Crear | Villager (Male) |
| 5:05 | Crear | Villager (Male) |
| 5:07 | Construir | House |
| 5:20 | Construir | House |
| 5:37 | Construir | House |
| 5:47 | Crear | Villager (Male) |
| 6:00 | Crear | Fishing Ship |
| 6:06 | Construir | House |
| 6:18 | Crear | Fishing Ship |
| 6:19 | Crear | Villager (Male) |
| 6:43 | Construir | House |
| 6:46 | Crear | Villager (Male) |
| 7:07 | Crear | Fishing Ship |
| 7:08 | Crear | Villager (Male) |
| 7:32 | Crear | Villager (Male) |
| 7:43 | Crear | Fishing Ship |
| 8:00 | Crear | Fishing Ship |
| 8:05 | Crear | Villager (Male) |
| 8:10 | Construir | House |
| 8:22 | Construir | House |
| 8:25 | Construir | House |
| 8:36 | Crear | Villager (Male) |
| 8:39 | Construir | House |
| 8:52 | Construir | House |
| 9:04 | Crear | Villager (Male) |
| 9:11 | Crear | Fishing Ship |
| 9:26 | Construir | Mill |
| 9:28 | Crear | Villager (Male) |
| 9:44 | Crear | Villager (Male) |
| 9:51 | Crear | Fishing Ship |
| 10:05 | Crear | Villager (Male) |
| 10:10 | Construir | House |
| 10:24 | Construir | Palisade Wall |
| 10:30 | Construir | Palisade Wall |
| 10:38 | Construir | Mining Camp |
| 10:44 | Investigar | Loom |
| 10:45 | Crear | Villager (Male) |
| 10:46 | Investigar | Feudal Age |
| 11:13 | Construir | Palisade Wall |
| 11:27 | Investigar | Loom |
| 11:48 | Construir | Palisade Wall |
| 12:05 | Construir | Palisade Wall |
| 12:17 | Construir | Palisade Wall |
| 12:18 | Construir | Palisade Wall |
| 12:27 | Construir | Palisade Wall |
| 12:28 | Construir | Palisade Wall |
| 12:50 | Construir | Palisade Wall |
| 13:23 | Edad | Edad Feudal |
| 13:28 | Construir | Market |
| 13:30 | Construir | Blacksmith |
| 13:36 | Construir | Palisade Wall |
| 13:36 | Construir | Palisade Wall |
| 13:39 | Construir | Palisade Wall |
| 13:40 | Construir | Palisade Wall |
| 13:40 | Construir | Palisade Wall |
| 14:13 | Investigar | Castle Age |
| 14:13 | Investigar | Castle Age |
| 14:41 | Construir | Palisade Wall |
| 14:45 | Crear | Villager (Male) |
| 14:47 | Construir | House |
| 15:09 | Crear | Villager (Male) |
| 16:53 | Edad | Edad de los Castillos |
| 17:01 | Construir | Siege Workshop |
| 17:02 | Construir | Siege Workshop |
| 17:04 | Construir | Siege Workshop |
| 17:09 | Crear | Villager (Male) |
| 17:29 | Construir | Mining Camp |
| 17:40 | Crear | Mangonel |
| 17:44 | Crear | Villager (Male) |
| 18:07 | Construir | House |
| 18:11 | Crear | Villager (Male) |
| 18:54 | Crear | Villager (Male) |
| 19:07 | Crear | Mangonel |
| 19:07 | Crear | Mangonel |
| 19:08 | Crear | Villager (Male) |
| 19:28 | Construir | Mining Camp |
| 19:35 | Crear | Villager (Male) |
| 19:46 | Construir | Palisade Wall |
| 19:47 | Construir | Palisade Wall |
| 19:48 | Construir | Palisade Wall |
| 19:49 | Construir | Palisade Wall |
| 19:49 | Construir | Palisade Wall |
| 19:52 | Construir | Palisade Wall |
| 19:55 | Construir | Palisade Wall |
| 20:05 | Crear | Villager (Male) |
| 20:46 | Crear | Villager (Male) |
| 21:21 | Crear | Villager (Male) |
| 21:48 | Crear | Villager (Male) |
| 22:12 | Crear | Villager (Male) |
| 22:12 | Crear | Villager (Male) |
| 22:15 | Crear | Fishing Ship |
| 22:29 | Construir | Farm |
| 22:29 | Construir | Farm |
| 22:29 | Construir | Farm |
| 22:29 | Construir | Farm |
| 22:29 | Construir | Farm |
| 23:09 | Construir | Palisade Wall |
| 23:10 | Construir | Palisade Wall |
| 23:10 | Construir | Palisade Wall |
| 23:25 | Construir | House |
| 23:45 | Crear | Villager (Male) |
| 24:10 | Crear | Villager (Male) |
| 25:19 | Construir | Castle |
| 26:06 | Construir | Lumber Camp |
| 26:21 | Construir | Dock |
| 27:16 | Crear | Fishing Ship |
| 27:19 | Construir | Dock |
| 27:23 | Construir | House |
| 27:53 | Crear | Fishing Ship |
| 28:24 | Construir | House |
| 28:25 | Construir | House |
| 28:27 | Construir | Stone Wall |
| 28:31 | Construir | House |
| 28:33 | Construir | Stone Wall |
| 28:35 | Construir | House |
| 31:07 | Construir | Lumber Camp |
| 32:10 | Construir | Lumber Camp |
Build order — CAPTAINKILL
Primeras 150 de 333 acciones detectadas
| 0:16 | Construir | Town Center |
| 1:29 | Construir | Dock |
| 1:31 | Construir | House |
| 2:44 | Investigar | Loom |
| 2:44 | Crear | Villager (Male) |
| 2:44 | Crear | Villager (Male) |
| 2:44 | Crear | Villager (Male) |
| 2:45 | Crear | Villager (Male) |
| 4:36 | Crear | Villager (Male) |
| 4:37 | Crear | Fishing Ship |
| 4:47 | Crear | Villager (Male) |
| 4:49 | Construir | House |
| 5:15 | Crear | Villager (Male) |
| 5:35 | Crear | Fishing Ship |
| 5:45 | Crear | Villager (Male) |
| 6:17 | Crear | Villager (Male) |
| 6:22 | Construir | House |
| 6:30 | Crear | Fishing Ship |
| 6:46 | Crear | Villager (Male) |
| 6:53 | Construir | House |
| 7:08 | Crear | Fishing Ship |
| 7:12 | Crear | Villager (Male) |
| 7:49 | Crear | Fishing Ship |
| 7:53 | Crear | Villager (Male) |
| 7:53 | Crear | Villager (Male) |
| 8:09 | Crear | Fishing Ship |
| 8:14 | Construir | House |
| 8:25 | Crear | Villager (Male) |
| 8:28 | Crear | Villager (Male) |
| 8:54 | Crear | Villager (Male) |
| 9:00 | Construir | Dock |
| 9:04 | Crear | Villager (Male) |
| 9:09 | Crear | Fishing Ship |
| 9:10 | Crear | Fishing Ship |
| 9:25 | Crear | Villager (Male) |
| 9:45 | Crear | Fishing Ship |
| 9:55 | Construir | House |
| 10:07 | Construir | Lumber Camp |
| 10:14 | Crear | Villager (Male) |
| 10:19 | Construir | House |
| 10:41 | Construir | Mill |
| 10:45 | Crear | Villager (Male) |
| 11:08 | Crear | Fishing Ship |
| 11:10 | Crear | Fishing Ship |
| 11:22 | Investigar | Feudal Age |
| 11:32 | Construir | House |
| 11:53 | Construir | Dock |
| 12:24 | Crear | Fishing Ship |
| 12:24 | Crear | Fishing Ship |
| 12:28 | Construir | House |
| 13:10 | Construir | Palisade Wall |
| 13:20 | Construir | Barracks |
| 13:22 | Crear | Villager (Male) |
| 13:22 | Crear | Villager (Male) |
| 13:22 | Crear | Villager (Male) |
| 13:31 | Construir | Palisade Wall |
| 13:32 | Edad | Edad Feudal |
| 13:37 | Investigar | Double-Bit Axe |
| 13:39 | Investigar | Horse Collar |
| 13:54 | Construir | Watch Tower |
| 14:01 | Investigar | Man-at-Arms (upgrade) |
| 14:17 | Crear | Villager (Male) |
| 14:25 | Construir | Palisade Wall |
| 14:34 | Construir | Palisade Wall |
| 14:38 | Construir | Mining Camp |
| 14:44 | Crear | Spearman |
| 15:09 | Crear | Spearman |
| 15:28 | Crear | Militia |
| 15:28 | Crear | Militia |
| 15:38 | Construir | Palisade Gate |
| 15:46 | Crear | Militia |
| 15:55 | Crear | Militia |
| 16:14 | Crear | Villager (Male) |
| 16:15 | Crear | Villager (Male) |
| 16:34 | Construir | Lumber Camp |
| 16:40 | Crear | Villager (Male) |
| 16:50 | Crear | Fishing Ship |
| 16:50 | Crear | Fishing Ship |
| 16:51 | Crear | Fishing Ship |
| 17:01 | Investigar | Tech 906 |
| 17:33 | Crear | Villager (Male) |
| 17:38 | Construir | House |
| 17:41 | Construir | House |
| 18:00 | Crear | Villager (Male) |
| 18:04 | Construir | Palisade Wall |
| 18:19 | Crear | Villager (Male) |
| 18:28 | Construir | Stable |
| 18:32 | Construir | Blacksmith |
| 18:41 | Crear | Villager (Male) |
| 18:48 | Construir | Palisade Wall |
| 19:09 | Crear | Fishing Ship |
| 19:09 | Crear | Fishing Ship |
| 19:10 | Crear | Fishing Ship |
| 19:19 | Construir | Dock |
| 19:20 | Investigar | Castle Age |
| 19:24 | Crear | Scout Cavalry |
| 19:26 | Investigar | Forging |
| 19:49 | Crear | Scout Cavalry |
| 20:58 | Crear | Scout Cavalry |
| 21:10 | Crear | Fishing Ship |
| 21:10 | Crear | Fishing Ship |
| 21:10 | Crear | Fishing Ship |
| 21:10 | Crear | Fishing Ship |
| 21:18 | Construir | Lumber Camp |
| 21:22 | Construir | Farm |
| 21:23 | Construir | Farm |
| 21:23 | Construir | Farm |
| 21:24 | Construir | Farm |
| 21:25 | Construir | Farm |
| 21:26 | Investigar | Gold Mining |
| 22:00 | Edad | Edad de los Castillos |
| 22:02 | Construir | Siege Workshop |
| 22:10 | Crear | Villager (Male) |
| 22:10 | Crear | Villager (Male) |
| 22:13 | Investigar | Bow Saw |
| 22:18 | Investigar | Gillnets |
| 22:20 | Investigar | Heavy Plow |
| 22:21 | Crear | Villager (Male) |
| 22:29 | Construir | Mining Camp |
| 22:30 | Crear | Knight |
| 22:33 | Crear | Knight |
| 22:34 | Investigar | Scale Barding Armor |
| 23:10 | Investigar | Stone Mining |
| 23:15 | Crear | Mangonel |
| 23:17 | Crear | Knight |
| 23:26 | Crear | Villager (Male) |
| 23:26 | Crear | Villager (Male) |
| 23:40 | Crear | Battering Ram |
| 23:52 | Investigar | Light Cavalry (upgrade) |
| 23:55 | Construir | Stable |
| 24:01 | Crear | Scout Cavalry |
| 24:36 | Crear | Battering Ram |
| 24:38 | Crear | Villager (Male) |
| 24:38 | Crear | Villager (Male) |
| 25:16 | Crear | Scout Cavalry |
| 25:16 | Crear | Scout Cavalry |
| 25:20 | Crear | Battering Ram |
| 25:40 | Crear | Villager (Male) |
| 25:40 | Crear | Villager (Male) |
| 25:41 | Crear | Villager (Male) |
| 25:41 | Crear | Villager (Male) |
| 25:46 | Construir | Town Center |
| 25:56 | Crear | Scout Cavalry |
| 25:56 | Crear | Scout Cavalry |
| 25:59 | Crear | Scout Cavalry |
| 25:59 | Crear | Scout Cavalry |
| 26:04 | Investigar | Stone Shaft Mining |
| 26:09 | Crear | Battering Ram |
| 26:40 | Crear | Villager (Male) |
| 26:41 | Crear | Villager (Male) |
Build order — kibou
Primeras 150 de 417 acciones detectadas
| 0:08 | Construir | Town Center |
| 0:40 | Construir | Town Center |
| 1:49 | Construir | Dock |
| 1:55 | Construir | House |
| 2:53 | Construir | Palisade Wall |
| 3:01 | Crear | Villager (Male) |
| 3:02 | Crear | Villager (Male) |
| 3:02 | Crear | Villager (Male) |
| 3:02 | Crear | Villager (Male) |
| 3:03 | Crear | Villager (Male) |
| 3:03 | Crear | Villager (Male) |
| 4:39 | Crear | Fishing Ship |
| 4:43 | Investigar | Loom |
| 4:44 | Investigar | Loom |
| 4:51 | Crear | Villager (Male) |
| 4:51 | Crear | Villager (Male) |
| 4:51 | Crear | Villager (Male) |
| 5:04 | Construir | House |
| 5:12 | Crear | Villager (Male) |
| 5:12 | Crear | Villager (Male) |
| 5:35 | Crear | Villager (Male) |
| 5:35 | Crear | Villager (Male) |
| 6:01 | Crear | Villager (Male) |
| 6:02 | Crear | Villager (Male) |
| 6:23 | Crear | Villager (Male) |
| 6:23 | Crear | Villager (Male) |
| 6:23 | Crear | Villager (Male) |
| 6:24 | Crear | Fishing Ship |
| 6:48 | Crear | Villager (Male) |
| 6:48 | Crear | Villager (Male) |
| 6:54 | Construir | House |
| 7:11 | Crear | Fishing Ship |
| 7:18 | Crear | Villager (Male) |
| 7:18 | Crear | Villager (Male) |
| 7:19 | Crear | Villager (Male) |
| 7:27 | Construir | House |
| 7:41 | Crear | Villager (Male) |
| 7:41 | Crear | Villager (Male) |
| 7:51 | Construir | House |
| 8:06 | Crear | Villager (Male) |
| 8:06 | Crear | Villager (Male) |
| 8:06 | Crear | Villager (Male) |
| 8:11 | Crear | Fishing Ship |
| 8:22 | Construir | Palisade Wall |
| 8:27 | Crear | Villager (Male) |
| 8:42 | Crear | Fishing Ship |
| 8:44 | Crear | Villager (Male) |
| 8:44 | Crear | Villager (Male) |
| 8:45 | Crear | Villager (Male) |
| 9:13 | Crear | Villager (Male) |
| 9:13 | Crear | Villager (Male) |
| 9:16 | Crear | Fishing Ship |
| 9:23 | Construir | House |
| 9:32 | Construir | House |
| 9:52 | Crear | Villager (Male) |
| 9:52 | Crear | Villager (Male) |
| 9:54 | Crear | Fishing Ship |
| 9:56 | Crear | Villager (Male) |
| 9:56 | Crear | Villager (Male) |
| 9:57 | Crear | Villager (Male) |
| 10:02 | Construir | House |
| 10:16 | Construir | Palisade Gate |
| 10:27 | Crear | Villager (Male) |
| 10:27 | Crear | Villager (Male) |
| 10:27 | Crear | Villager (Male) |
| 10:28 | Crear | Villager (Male) |
| 10:28 | Crear | Villager (Male) |
| 10:28 | Crear | Villager (Male) |
| 10:33 | Crear | Villager (Male) |
| 10:37 | Crear | Fishing Ship |
| 10:47 | Construir | House |
| 10:49 | Construir | Palisade Wall |
| 11:09 | Crear | Villager (Male) |
| 11:09 | Crear | Villager (Male) |
| 11:20 | Construir | Lumber Camp |
| 11:22 | Crear | Villager (Male) |
| 11:22 | Crear | Villager (Male) |
| 11:22 | Crear | Villager (Male) |
| 11:29 | Crear | Fishing Ship |
| 11:32 | Crear | Villager (Male) |
| 11:32 | Crear | Villager (Male) |
| 11:32 | Crear | Villager (Male) |
| 11:47 | Crear | Villager (Male) |
| 11:56 | Crear | Villager (Male) |
| 12:09 | Crear | Villager (Male) |
| 12:13 | Crear | Fishing Ship |
| 12:30 | Construir | Mill |
| 13:00 | Investigar | Feudal Age |
| 13:00 | Investigar | Feudal Age |
| 13:09 | Crear | Fishing Ship |
| 13:11 | Crear | Fishing Ship |
| 13:32 | Construir | House |
| 13:33 | Construir | House |
| 13:35 | Construir | House |
| 13:37 | Construir | Palisade Wall |
| 13:47 | Construir | Mining Camp |
| 14:02 | Crear | Villager (Male) |
| 14:02 | Crear | Villager (Male) |
| 14:04 | Crear | Villager (Male) |
| 14:28 | Construir | Barracks |
| 14:31 | Crear | Villager (Male) |
| 14:32 | Crear | Villager (Male) |
| 14:32 | Crear | Villager (Male) |
| 14:50 | Crear | Villager (Male) |
| 14:50 | Crear | Villager (Male) |
| 14:52 | Crear | Villager (Male) |
| 14:52 | Crear | Villager (Male) |
| 15:11 | Crear | Villager (Male) |
| 15:12 | Crear | Villager (Male) |
| 15:16 | Crear | Villager (Male) |
| 15:22 | Edad | Edad Feudal |
| 15:27 | Construir | Archery Range |
| 15:35 | Construir | Blacksmith |
| 15:38 | Investigar | Double-Bit Axe |
| 15:39 | Investigar | Double-Bit Axe |
| 15:39 | Crear | Villager (Male) |
| 15:40 | Crear | Villager (Male) |
| 16:00 | Construir | Palisade Wall |
| 16:04 | Construir | Palisade Wall |
| 16:14 | Crear | Villager (Male) |
| 16:15 | Crear | Villager (Male) |
| 16:18 | Investigar | Castle Age |
| 16:18 | Investigar | Castle Age |
| 16:23 | Construir | Palisade Wall |
| 16:38 | Construir | Archery Range |
| 16:48 | Construir | Palisade Wall |
| 16:49 | Construir | Palisade Wall |
| 17:20 | Construir | Dock |
| 17:36 | Construir | Palisade Wall |
| 17:37 | Construir | Palisade Wall |
| 17:42 | Crear | Villager (Male) |
| 17:43 | Crear | Villager (Male) |
| 17:44 | Investigar | Horse Collar |
| 17:44 | Investigar | Horse Collar |
| 17:57 | Crear | Villager (Male) |
| 17:58 | Crear | Villager (Male) |
| 18:02 | Construir | House |
| 18:04 | Construir | House |
| 18:25 | Construir | Palisade Wall |
| 18:39 | Crear | Unit 2626 |
| 18:40 | Crear | Unit 2626 |
| 18:58 | Edad | Edad de los Castillos |
| 19:00 | Crear | Cavalry Archer ×4 |
| 19:03 | Crear | Villager (Male) |
| 19:07 | Construir | Town Center |
| 19:11 | Crear | Villager (Male) |
| 19:11 | Investigar | Bow Saw |
| 19:11 | Investigar | Bow Saw |
| 19:17 | Investigar | Fletching |
| 19:18 | Investigar | Fletching |
Cronología de la partida
| 0:26 | OS | dreamerion92 · first_building Dock |
| 0:27 | BaDreaM · first_building Dock |
| 0:52 | 连青人 · first_building Dock |
| 0:53 | III · first_building Dock |
| 0:55 | Mo_Tastic · first_building Dock |
| 1:12 | 大白000000 · first_building Dock |
| 1:15 | 大白000000 · wall_segment Palisade Wall x1 |
| 1:16 | 大白000000 · wall_segment Palisade Wall x1 |
| 1:29 | CAPTAINKILL · first_building Dock |
| 1:49 | kibou · first_building Dock |
| 2:53 | kibou · wall_segment Palisade Wall x1 |
| 4:49 | OS | dreamerion92 · wall_segment Palisade Wall x1 |
| 5:00 | OS | dreamerion92 · wall_segment Palisade Wall x1 |
| 5:07 | 大白000000 · wall_segment Palisade Wall x1 |
| 7:59 | OS | dreamerion92 · wall_segment Palisade Wall x1 |
| 8:22 | kibou · wall_segment Palisade Wall x5 |
| 10:24 | III · wall_segment Palisade Wall x5 |
| 10:30 | III · wall_segment Palisade Wall x7 |
| 10:49 | kibou · wall_segment Palisade Wall x4 |
| 11:01 | OS | dreamerion92 · wall_segment Palisade Wall x8 |
| 11:13 | III · wall_segment Palisade Wall x11 |
| 11:48 | III · wall_segment Palisade Wall x9 |
| 12:05 | III · wall_segment Palisade Wall x13 |
| 12:17 | III · wall_segment Palisade Wall x1 |
| 12:18 | III · wall_segment Palisade Wall x1 |
| 12:27 | III · wall_segment Palisade Wall x1 |
| 12:28 | III · wall_segment Palisade Wall x1 |
| 12:50 | III · wall_segment Palisade Wall x5 |
| 12:52 | BaDreaM · age_up feudal |
| 13:09 | Mo_Tastic · age_up feudal |
| 13:10 | CAPTAINKILL · wall_segment Palisade Wall x4 |
| 13:20 | 连青人 · age_up feudal |
| 13:20 | CAPTAINKILL · first_building Barracks |
| 13:23 | III · age_up feudal |
| 13:31 | CAPTAINKILL · wall_segment Palisade Wall x6 |
| 13:32 | CAPTAINKILL · age_up feudal |
| 13:34 | OS | dreamerion92 · age_up feudal |
| 13:36 | III · wall_segment Palisade Wall x1 |
| 13:36 | III · wall_segment Palisade Wall x1 |
| 13:37 | kibou · wall_segment Palisade Wall x4 |
| 13:39 | III · wall_segment Palisade Wall x1 |
| 13:40 | III · wall_segment Palisade Wall x1 |
| 13:40 | III · wall_segment Palisade Wall x1 |
| 13:41 | BaDreaM · first_market_sell 100 food |
| 14:20 | 大白000000 · wall_segment Palisade Wall x12 |
| 14:25 | CAPTAINKILL · wall_segment Palisade Wall x14 |
| 14:28 | kibou · first_building Barracks |
| 14:34 | CAPTAINKILL · wall_segment Palisade Wall x1 |
| 14:41 | III · wall_segment Palisade Wall x1 |
| 14:45 | 大白000000 · age_up feudal |
| 15:03 | OS | dreamerion92 · wall_segment Palisade Wall x1 |
| 15:22 | kibou · age_up feudal |
| 15:27 | kibou · first_building Archery Range |
| 16:00 | kibou · wall_segment Palisade Wall x1 |
| 16:04 | 大白000000 · first_market_sell 100 food |
| 16:04 | kibou · wall_segment Palisade Wall x1 |
| 16:23 | BaDreaM · age_up castle |
| 16:23 | kibou · wall_segment Palisade Wall x1 |
| 16:27 | BaDreaM · first_building Monastery |
| 16:32 | 大白000000 · wall_segment Palisade Wall x2 |
| 16:33 | 大白000000 · wall_segment Palisade Wall x1 |
| 16:38 | 大白000000 · wall_segment Palisade Wall x1 |
| 16:48 | kibou · wall_segment Palisade Wall x1 |
| 16:49 | kibou · wall_segment Palisade Wall x1 |
| 16:53 | III · age_up castle |
| 17:01 | III · first_building Siege Workshop |
| 17:28 | 连青人 · age_up castle |
| 17:29 | Mo_Tastic · age_up castle |
| 17:34 | Mo_Tastic · first_building Castle |
| 17:36 | kibou · wall_segment Palisade Wall x1 |
| 17:37 | kibou · wall_segment Palisade Wall x1 |
| 17:38 | III · first_market_sell 100 food |
| 17:45 | OS | dreamerion92 · age_up castle |
| 17:47 | OS | dreamerion92 · first_building Siege Workshop |
| 17:55 | OS | dreamerion92 · first_building Monastery |
| 17:56 | 连青人 · wall_segment Palisade Wall x1 |
| 18:04 | CAPTAINKILL · wall_segment Palisade Wall x1 |
| 18:25 | kibou · wall_segment Palisade Wall x1 |
| 18:28 | CAPTAINKILL · first_building Stable |
| 18:46 | 大白000000 · age_up castle |
| 18:47 | 大白000000 · first_building Castle |
| 18:48 | CAPTAINKILL · wall_segment Palisade Wall x8 |
| 18:49 | OS | dreamerion92 · wall_segment Palisade Wall x1 |
| 18:58 | kibou · age_up castle |
| 19:46 | III · wall_segment Palisade Wall x1 |
| 19:47 | III · wall_segment Palisade Wall x1 |
| 19:48 | III · wall_segment Palisade Wall x1 |
| 19:49 | III · wall_segment Palisade Wall x1 |
| 19:49 | III · wall_segment Palisade Wall x1 |
| 19:52 | III · wall_segment Palisade Wall x1 |
| 19:54 | OS | dreamerion92 · first_market_buy 100 wood |
| 19:55 | III · wall_segment Palisade Wall x1 |
| 20:12 | 连青人 · first_building Monastery |
| 20:27 | OS | dreamerion92 · wall_segment Palisade Wall x10 |
| 21:40 | OS | dreamerion92 · wall_segment Palisade Wall x1 |
| 22:00 | CAPTAINKILL · age_up castle |
| 22:02 | CAPTAINKILL · first_building Siege Workshop |
| 22:21 | OS | dreamerion92 · first_building Barracks |
| 23:02 | OS | dreamerion92 · first_building Stable |
| 23:09 | III · wall_segment Palisade Wall x1 |
| 23:10 | III · wall_segment Palisade Wall x1 |
| 23:10 | III · wall_segment Palisade Wall x1 |
| 23:13 | 大白000000 · first_building Siege Workshop |
| 23:38 | 连青人 · first_market_buy 100 stone |
| 23:46 | Mo_Tastic · first_market_buy 100 food |
| 24:30 | BaDreaM · wall_segment Stone Wall x3 |
| 24:31 | III · first_market_buy 100 stone |
| 25:19 | BaDreaM · first_market_buy 100 stone |
| 25:19 | III · first_building Castle |
| 25:28 | BaDreaM · first_building Castle |
| 25:38 | 大白000000 · wall_segment Stone Wall x1 |
| 25:42 | 大白000000 · wall_segment Stone Wall x5 |
| 25:44 | 大白000000 · wall_segment Stone Wall x1 |
| 26:39 | BaDreaM · first_building Barracks |
| 26:50 | 连青人 · first_building Barracks |
| 26:54 | 大白000000 · wall_segment Stone Wall x3 |
| 27:02 | 大白000000 · wall_segment Stone Wall x3 |
| 27:24 | BaDreaM · first_building Stable |
| 27:43 | 大白000000 · wall_segment Stone Wall x1 |
| 28:02 | kibou · first_building Stable |
| 28:27 | III · wall_segment Stone Wall x1 |
| 28:33 | III · wall_segment Stone Wall x1 |
| 28:44 | 连青人 · first_building Stable |
| 28:54 | OS | dreamerion92 · first_market_sell 100 wood |
| 30:13 | CAPTAINKILL · first_building Castle |
| 30:32 | BaDreaM · age_up imperial |
| 31:06 | Mo_Tastic · first_building Barracks |
| 31:11 | kibou · first_building Castle |
| 31:35 | 连青人 · first_building Castle |
| 31:41 | Mo_Tastic · first_building Stable |
| 31:43 | 连青人 · age_up imperial |
| 31:53 | kibou · first_market_sell 500 wood |
| 32:03 | kibou · first_building Siege Workshop |
| 32:18 | CAPTAINKILL · wall_segment Palisade Wall x1 |
| 33:24 | 大白000000 · wall_segment Stone Wall x1 |
| 33:32 | kibou · first_market_buy 100 stone |
| 33:38 | Mo_Tastic · first_building Archery Range |
| 35:35 | kibou · age_up imperial |
| 35:35 | 大白000000 · wall_segment Stone Wall x1 |
| 37:15 | 大白000000 · age_up imperial |
| 38:05 | CAPTAINKILL · first_market_sell 100 food |
| 38:42 | III · resign |
| 41:16 | CAPTAINKILL · age_up imperial |
[ ANÁLISIS IA · 1 CRÉDITO ]
¿Qué pasó realmente en esta partida?
Wolo.gg analiza cada decisión: build order, eco, micro, errores típicos por bracket. Análisis personalizado por WhatsApp o Discord en 30 segundos.
Guía civ
Teutones
Perfil
Jugador #1419796